 Dungeon Crawl Stone Soup version 0.29.1-13-g9f3cf754e1 (webtiles) character file.

Game seed: 14384398427607023477

282 Heoruswealwe the Grave Robber (level 6, -1/32 HPs)
             Began as a Deep Elf Necromancer on Feb 8, 2023.
             Was a Believer of Sif Muna.
             Slain by a gnoll
             ... wielding a +0 whip
             ... led by a gnoll bouda
              (7 damage)
             ... on level 3 of the Dungeon.
             The game lasted 00:24:57 (1467 turns).

Heoruswealwe the Grave Robber (DENe)                Turns: 1467, Time: 00:24:58

Health: -1/32      AC:  2    Str:  5    XL:     6   Next: 6%
Magic:  15/26      EV:  7    Int: 22    God:    Sif Muna [**....]
Gold:   136        SH:  0    Dex: 21    Spells: 13/17 levels left

rFire   . . .      SeeInvis .   i - staff of earth
rCold   . . .      Faith    .   (no shield)
rNeg    . . .      Spirit   .   a - +0 robe
rPois   .          Reflect  .   (no helmet)
rElec   .          Harm     .   (no cloak)
rCorr   .          Rampage  .   (no gloves)
Will    .....                   (no boots)
Stlth   +++.......              (no amulet)
HPRegen 0.10/turn               m - +6 ring of dexterity
MPRegen 0.20/turn               p - ring of magical power

@: held
A: no striking features
a: Renounce Religion, Channel Magic


You were on level 3 of the Dungeon.
You worshipped Sif Muna.
Sif Muna was pleased with you.
You visited 1 branch of the dungeon, and saw 3 of its levels.

You collected 136 gold pieces.

Inventory:

Hand Weapons
 d - a +0 dagger
 f - a +0 club
 l - a +0 dagger
 n - a +0 dagger
 r - a +0 whip
 s - a +0 spear
 t - a +0 short sword
 u - a +0 dagger
 B - a +0 quarterstaff
 D - a +0 dagger
 E - a +0 club
 F - a +0 sling
 G - a +0 dagger
 H - a +0 spear
 I - a +0 long sword
 J - a +0 dagger
 K - a +0 dagger
Missiles
 e - 27 stones
Armour
 a - a +0 robe (worn)
 k - a +0 leather armour
 x - a +0 leather armour
 y - a +0 chain mail
 C - a +0 robe
Magical Staves
 i - a staff of earth (weapon)
Jewellery
 j - a ring of ice
 m - a +6 ring of dexterity (left hand)
 p - a ring of magical power (right hand)
Scrolls
 c - 2 scrolls of teleportation {unknown}
 o - 2 scrolls of enchant armour {unknown}
 q - 3 scrolls of magic mapping {unknown}
 A - a scroll of fear {unknown}
 L - 2 scrolls of identify {unknown}
Potions
 g - a potion of flight {unknown}
 h - a potion of heal wounds {unknown}
 v - 2 potions of curing {unknown}
 w - a potion of invisibility {unknown}
 z - a potion of attraction {unknown}


   Skills:
 + Level 2.6 Dodging
 + Level 2.6 Stealth
 + Level 6.2 Spellcasting
 + Level 7.0 Necromancy


You had 13 spell levels left.
You knew the following spells:

 Your Spells              Type           Power      Damage    Failure   Level
a - Necrotise             Necr           100%       1d9       1%          1
b - Vampiric Draining     Necr           38%        2d8       1%          3

Your spell library contained the following spells:

 Spells                   Type           Power      Damage    Failure   Level
 Animate Dead             Necr           38%        N/A       4%          4
 Agony                    Necr           38%        N/A       14%         5
 Iskenderun's Battlesphe  Conj           6%         2d6       94%         5
 Iron Shot                Conj/Erth      5%         9d2       100%        6
 Spellforged Servitor     Conj/Summ      3%         N/A       100%        7


Dungeon Overview and Level Annotations

Branches:
Dungeon (3/15)

Altars:
Sif Muna

Shops:
D:2 *


Message History

Your attacks no longer feel as feeble.
The gnoll hits you with a +0 flail. The gnoll hits you with a +0 whip.
The gnoll barely misses you.
Casting: Necrotise (safe; 1% risk of failure)
Confirm with . or Enter, or press ? or * to list all spells.
Aiming: Necrotise (safe; 1% risk of failure)
Press: ? - help, Shift-Dir - straight line, f - gnoll
Aim: a gnoll, wielding a +0 whip (covering ground quickly, ally target, chance to affect: 88%)
The gnoll barely resists.
The gnoll hits you with a +0 flail. The gnoll hits you with a +0 whip. x2
* * * LOW HITPOINT WARNING * * *
Your quokka skeleton bites the gnoll.
Magic courses through your body. The gnoll hits you with a +0 flail.
* * * LOW HITPOINT WARNING * * *
The gnoll hits you with a +0 whip.
* * * LOW HITPOINT WARNING * * *
The gnoll barely misses you.
Your quokka skeleton bites the gnoll.
Casting: Necrotise (safe; 1% risk of failure)
Confirm with . or Enter, or press ? or * to list all spells.
Aiming: Vampiric Draining (safe; 1% risk of failure)
Press: ? - help, Shift-Dir - straight line, f/p - gnoll
Aim: a gnoll, wielding a +0 whip (moderately wounded, covering ground quickly, ally target)
You draw life force from the gnoll!
You kill the gnoll!
Sif Muna accepts your kill.
You feel life coursing into your body.
The quokka twitches its whiskers.
The gnoll misses you. The gnoll hits you with a +0 whip.
* * * LOW HITPOINT WARNING * * *
Casting: Vampiric Draining (safe; 1% risk of failure)
Confirm with . or Enter, or press ? or * to list all spells.
You don't know that spell.
Casting: Vampiric Draining (safe; 1% risk of failure)
Confirm with . or Enter, or press ? or * to list all spells.
Aiming: Vampiric Draining (safe; 1% risk of failure)
Press: ? - help, Shift-Dir - straight line, f - gnoll
Aim: a gnoll, wielding a +0 flail (covering ground quickly)
You draw life force from the gnoll!
You feel life coursing into your body. The gnoll closely misses you.
The gnoll hits you with a +0 whip!
You die...

................+
....
#######....######
.... #....# #....
#....#
#....#######....#
#..........#....#
#..............<#
#.....gZ........#
#....rg@........#
#....#######....#
#.. #....# #
#....# ######


You could see 2 gnolls, a quokka and a friendly quokka skeleton.

Vanquished Creatures
  Sigmund (D:3)
  A gnoll bouda (D:3)
  4 gnolls
  A worm (D:2)
  A dart slug (D:2)
  An endoplasm (D:1)
  4 giant cockroaches
  4 goblins
  6 hobgoblins
  6 kobolds
  2 quokkas
  4 ball pythons
  2 bats
  2 frilled lizards
  2 rats (D:1)
41 creatures vanquished.

Vanquished Creatures (collateral kills)
  A worm (D:2)
  A ball python (D:1)
  An endoplasm (D:1)
  A frilled lizard (D:1)
4 creatures vanquished.

Grand Total: 45 creatures vanquished

Notes
Turn   | Place    | Note
-------+----------+-------------------------------------------
     0 | D:1      | Heoruswealwe the Deep Elf Necromancer began the quest for
                  | the Orb.
     0 | D:1      | Reached XP level 1. HP: 10/10 MP: 6/6
    71 | D:1      | Reached skill level 5 in Necromancy
    95 | D:1      | Reached XP level 2. HP: 15/15 MP: 1/8
   183 | D:1      | Noticed a floating eye
   184 | D:1      | Found a faded altar of an unknown god.
   198 | D:1      | Noticed a shining eye
   198 | D:1      | Noticed a great orb of eyes
   198 | D:1      | Noticed an eye of devastation
   209 | D:1      | Prayed at the altar of an unknown god.
   209 | D:1      | Became a worshipper of Sif Muna the Loreminder
   209 | D:1      | Reached * piety under Sif Muna
   251 | D:1      | Reached XP level 3. HP: 19/19 MP: 8/10
   778 | D:1      | Learned a level 3 spell: Vampiric Draining
   950 | D:2      | Reached ** piety under Sif Muna
  1041 | D:2      | Found Nedaof's General Store.
  1100 | D:2      | Reached skill level 6 in Necromancy
  1326 | D:2      | Reached XP level 4. HP: 24/24 MP: 12/12
  1433 | D:3      | Noticed Sigmund
  1458 | D:3      | Killed Sigmund
  1459 | D:3      | Reached skill level 5 in Spellcasting
  1459 | D:3      | Reached XP level 5. HP: 28/28 MP: 13/15
  1461 | D:3      | Reached skill level 7 in Necromancy
  1463 | D:3      | Reached XP level 6. HP: 26/32 MP: 2/17
  1466 | D:3      | HP: 1/32 [gnoll/+0 whip[a gnoll bouda] (6)]
  1467 | D:3      | Slain by a gnoll

Illustrated notes

Levels and vault maps discovered:
D:1:      dpeg_arrival_tiny_h, layout_loops_ring,
          hellmonk_ecumenical_altar_watching_god, minmay_pentomino_z4
D:2:      layout_rooms, serial_shops, shop_fountains
D:3:      layout_basic, marbit_many_paths, serial_shops, nicolae_shop_crystal,
          hex_medium, kennysheep_nub, uniq_sigmund, uniq_natasha,
          uniq_crazy_yiuf_cottage

Skill      XL: |  1  2  3  4  5 |
---------------+----------------+-----
Necromancy     | 5 6 7 |  7.0
Spellcasting   | 4 5 6 |  6.2
Dodging        | |  2.6
Stealth        | |  2.6

Action                   |  1- 3 |  4- 6 || total
-------------------------+-------+-------++-------
 Cast: Necrotise         |    60 |     4 ||    64
       Vampiric Draining |     4 |     9 ||    13
  Use: Potion            |       |     1 ||     1
Armor: Robe              |     1 |       ||     1
Dodge: Dodged            |     9 |    13 ||    22
